AoeStats
← KaLong

Pilgrims

508303881Analyzed
4v4 RM · 11d ago on Sep 21, 2026· 26m 16s· 8 players
Game mode
Random Map
Map size
Large (8 player)
Population
200
Speed
Normal
Resources
Standard
Victory
Conquest
Starting age
Dark Age
Ending age
Imperial Age
RankedLock teamsTeams togetherTeam positionsShared explorationLock speedFull tech treeHidden civsTurbo modeCheats
Victory
Defeat
🇷🇴 Armenians · Romania
1561
+15
🇲🇽 Turks · Mexico
1550
+15
🇫🇷 Spanish · France
1524
+16
🇺🇸 Koreans · United States
1516
+16
🇨🇴 Portuguese · Colombia
1573
-17
🇮🇳 Persians · India
1518
-15
🇻🇳 Bengalis · Vietnam
1507
-15
🇹🇼 Celts · Taiwan
1507
-15
JohnnySniper
3:01 Loom
11:25 Feudal Age
16:13 Castle Age
14:10 Double-Bit Axe
14:12 Fishing Lines
17:17 Gillnets
22:09 Fletching
26:09 Bow Saw
25:41 Horse Collar
vuvukiller
4:39 Loom
10:20 Feudal Age
11:11 Double-Bit Axe
12:09 Fletching
19:35 Castle Age
19:38 Gold Mining
20:36 Medium Warships
20:38 Bodkin Arrow
21:08 Fishing Lines
22:22 Ballistics
24:04 Bow Saw
26:28 Gold Shaft Mining
25:55 Gillnets
UrielFlocru
5:58 Loom
10:26 Feudal Age
15:24 Castle Age
13:59 Horse Collar
14:31 Double-Bit Axe
24:36 Town Watch
KaLong
3:32 Loom
5:47 Loom
11:07 Feudal Age
14:47 Castle Age
13:27 Double-Bit Axe
15:51 Bow Saw
16:19 Medium Warships
16:02 Fletching
16:53 Bodkin Arrow
18:14 Wheelbarrow
25:45 Forging
MZTK I Kazoo
7:08 Loom
9:13 Feudal Age
9:47 Double-Bit Axe
14:04 Fletching
24:08 Castle Age
24:21 Stone Mining
vidsag
1:21 Loom
10:15 Feudal Age
16:20 Castle Age
14:45 Double-Bit Axe
19:04 Bow Saw
19:54 Medium Warships
21:05 Horse Collar
22:03 Wheelbarrow
23:29 Hand Cart
鬼洗
5:15 Loom
11:57 Feudal Age
15:51 Castle Age
15:03 Double-Bit Axe
15:16 Gold Mining
16:06 Horse Collar
17:10 Bow Saw
17:36 Wheelbarrow
17:17 Fishing Lines
19:51 Ballistics
26:38 Imperial Age
thanh7531
2:57 Loom
11:06 Feudal Age
15:13 Castle Age
13:31 Double-Bit Axe
14:27 Wheelbarrow
13:38 Town Watch
13:49 Fishing Lines
16:22 Medium Warships
18:14 Hand Cart
Connection lost

Rejoining the realm…

Still unreachable

The connection could not be restored.

Session expired

The server has moved on; the page needs a fresh start.